[Event "December 5 Early 2023"]
[Site "https://www.chess.com"]
[Date "2023.12.05"]
[Round "4"]
[White "Nihal Sarin"]
[Black "Vorons, Uldis"]
[Result "1-0"]
[Board "130"]
[TimeControl "180+1"]
[WhiteFideId "25092340"]
[BlackFideId "11611758"]
[WhiteElo "3105"]
[BlackElo "2243"]
[WhiteTeam "IND"]
[BlackTeam "LAT"]
[WhiteClock "0:01:39"]
[BlackClock "0:00:05"]

1. e4 e5 2. Nf3 Nc6 3. Bb5 a6 4. Ba4 Nf6 5. d3 b5 6. Bb3 Be7 7. O-O O-O 8. a4 Bb7 9. Nc3 b4 10. Nd5 Na5 11. Nxe7+ Qxe7 12. Ba2 d5 13. exd5 b3 14. Bxb3 Nxb3 15. cxb3 Nxd5 16. Re1 f6 17. Be3 Rfd8 18. Rc1 Nb4 19. Bc5 Qe6 20. Bxb4 Rab8 21. Bc5 a5 22. d4 e4 23. Nd2 f5 24. Qh5 Rd5 25. Qh4 Rbd8 26. Nc4 h6 27. Ne3 R5d7 28. d5 Bxd5 29. Nxd5 Rxd5 30. Be3 g5 31. Bxg5 hxg5 32. Qxg5+ Kf7 33. Rxc7+ R8d7 34. Rxd7+ Rxd7 35. h4 Qg6 36. Qf4 Qh5 37. Rxe4 Rd1+ 38. Kh2 Kg6 39. Re6+ Kf7 40. Rb6 Rd7 41. Rb5 Kg6 42. Rxa5 Re7 43. Ra6+ Kf7 44. Qg5 Qxg5 45. hxg5 Re4 46. Rf6+ Kg7 47. Rxf5 Rb4 48. Rb5 Rd4 49. Kg3 Rd2 50. f4 Rxb2 51. f5 Kf7 52. Rb7+ Ke8 53. g6 1-0

[Event "December 5 Early 2023"]
[Site "https://www.chess.com"]
[Date "2023.12.05"]
[Round "4"]
[White "Damjanovic, Vuk"]
[Black "Swicarz, Maciej"]
[Result "1-0"]
[Board "131"]
[TimeControl "180+1"]
[WhiteFideId "980021"]
[BlackFideId "1113585"]
[WhiteElo "2771"]
[BlackElo "2432"]
[WhiteTeam "SRB"]
[BlackTeam "POL"]
[WhiteClock "0:01:48"]
[BlackClock "0:00:02"]

1. Nf3 c5 2. e3 Nc6 3. c4 g6 4. b3 Bg7 5. Nc3 e6 6. Bb2 Nge7 7. Be2 O-O 8. O-O b6 9. a3 Bb7 10. Rc1 d5 11. cxd5 Nxd5 12. Qc2 Rc8 13. Rfd1 Nxc3 14. Bxc3 Qe7 15. Qb2 e5 16. b4 cxb4 17. axb4 f6 18. b5 Nd4 19. exd4 exd4 20. Nxd4 Rfd8 21. Bf3 Rc4 22. Re1 Qd7 23. Qa2 Bd5 24. Re7 Qxe7 25. Bxd5+ Rxd5 26. Qxc4 Qc5 27. Qa2 f5 28. Ne6 1-0

[Event "December 5 Early 2023"]
[Site "https://www.chess.com"]
[Date "2023.12.05"]
[Round "4"]
[White "Fier, Alexandr"]
[Black "Escudero Donoso, Felipe"]
[Result "1-0"]
[Board "132"]
[TimeControl "180+1"]
[WhiteFideId "2107139"]
[BlackFideId "3410595"]
[WhiteElo "2740"]
[BlackElo "2429"]
[WhiteTeam "BRA"]
[BlackTeam "CHI"]
[WhiteClock "0:02:48"]
[BlackClock "0:00:02"]

1. Nf3 Nf6 2. g3 c5 3. Bg2 d5 4. O-O Nc6 5. d4 e6 6. c4 Be7 7. cxd5 exd5 8. dxc5 Bxc5 9. a3 O-O 10. b4 Be7 11. Bb2 Ne4 12. Nbd2 Bf6 13. Qc2 Bf5 14. Qb3 Be6 15. Rad1 Bxb2 16. Qxb2 Qf6 17. Qxf6 Nxf6 18. Nb3 b6 19. Nfd4 Nxd4 20. Nxd4 Rac8 21. Rc1 Rxc1 22. Rxc1 Rc8 23. Rxc8+ Bxc8 24. Nc6 Ba6 25. e3 Bb5 26. Nxa7 Bd7 27. Bf1 Ne4 28. Nb5 Nd2 29. Nc3 Bc6 30. Bg2 Nc4 31. a4 Nb2 32. a5 bxa5 33. bxa5 Nc4 34. a6 1-0

[Event "December 5 Early 2023"]
[Site "https://www.chess.com"]
[Date "2023.12.05"]
[Round "4"]
[White "Matrix3x3a"]
[Black "Sadykov, Ramil"]
[Result "1-0"]
[Board "133"]
[TimeControl "180+1"]
[BlackFideId "24113590"]
[WhiteElo "2429"]
[BlackElo "2690"]
[BlackTeam "FID"]
[WhiteClock "0:00:20"]
[BlackClock "0:00:00"]

1. d4 d6 2. c4 e5 3. e4 exd4 4. Qxd4 Nc6 5. Qd1 g6 6. Nc3 Bg7 7. Nge2 Be6 8. b3 a5 9. Be3 a4 10. f3 Nge7 11. Nxa4 Bxa1 12. Qxa1 Kd7 13. Nf4 Re8 14. Be2 Kc8 15. O-O Kb8 16. Qb2 Qc8 17. Nc3 f5 18. Nfd5 fxe4 19. fxe4 Rf8 20. Rd1 Bg4 21. b4 Nxd5 22. Nxd5 Bxe2 23. Qxe2 Qe6 24. Bf2 Ne5 25. Bg3 Qg4 26. Qxg4 Nxg4 27. c5 Ne5 28. cxd6 cxd6 29. Nb6 Rxa2 30. Bxe5 Rff2 31. Bxd6+ Ka7 32. Nc8+ Ka6 33. Bg3 Rxg2+ 34. Kh1 Rgd2 35. Rg1 Kb5 36. Nd6+ Kxb4 37. Nxb7 h5 38. Bf4 Rf2 39. Bg3 Rfe2 40. Nd6 h4 41. Bf4 h3 42. Bg3 g5 43. e5 Kc5 44. Nf5 Kd5 45. Nh6 Rad2 46. Ng4 Ke6 47. Rf1 Ke7 48. Nh6 1-0

[Event "December 5 Early 2023"]
[Site "https://www.chess.com"]
[Date "2023.12.05"]
[Round "4"]
[White "Can, Melih Kaan"]
[Black "Tasev, Dejan"]
[Result "0-1"]
[Board "134"]
[TimeControl "180+1"]
[WhiteFideId "6317383"]
[BlackFideId "936618"]
[WhiteElo "2429"]
[BlackElo "2658"]
[WhiteTeam "TUR"]
[BlackTeam "SRB"]
[WhiteClock "0:00:05"]
[BlackClock "0:00:20"]

1. e4 Nf6 2. e5 Nd5 3. c4 Nb6 4. d4 d6 5. f4 g6 6. Nf3 Bg7 7. Be2 O-O 8. Be3 Bg4 9. O-O d5 10. Nbd2 dxc4 11. Nxc4 Nd5 12. Bf2 c6 13. h3 Bxf3 14. Bxf3 Nxf4 15. Qd2 Nd5 16. Rae1 Na6 17. Bg4 Nac7 18. Bg3 Ne6 19. Bxe6 fxe6 20. Rxf8+ Qxf8 21. Rf1 Qe8 22. Qf2 Bh6 23. Kh1 b5 24. Nd2 Qf8 25. Qe2 Qg7 26. Ne4 Rf8 27. Rxf8+ Qxf8 28. Qg4 Qf1+ 29. Kh2 Be3 30. Qxe6+ Kg7 31. Bf2 Bxf2 32. Nxf2 Qxf2 33. Qxc6 Qf4+ 34. Kh1 Qxd4 35. Qxb5 Qxe5 36. Qb7 a5 37. a4 h6 38. Qb4 axb4 0-1

[Event "December 5 Early 2023"]
[Site "https://www.chess.com"]
[Date "2023.12.05"]
[Round "4"]
[White "Huang, Youhe"]
[Black "Kokoszczynski, Jan"]
[Result "0-1"]
[Board "135"]
[TimeControl "180+1"]
[WhiteFideId "2629445"]
[BlackFideId "1174460"]
[WhiteElo "2426"]
[BlackElo "2650"]
[WhiteTeam "CAN"]
[BlackTeam "POL"]
[WhiteClock "0:00:19"]
[BlackClock "0:00:35"]

1. e4 c5 2. Qh5 e6 3. Nc3 Nc6 4. Nf3 g6 5. Qh3 Bg7 6. Bb5 Nge7 7. d3 d5 8. O-O e5 9. Qh4 d4 10. Bxc6+ Nxc6 11. Nd5 Qxh4 12. Nxh4 O-O 13. f4 f6 14. fxe5 Nxe5 15. Bf4 Nf7 16. Nc7 Rb8 17. Na6 Ra8 18. Nxc5 g5 19. Nf3 gxf4 20. Nxd4 f5 21. Nxf5 Bxf5 22. exf5 Bd4+ 23. Kh1 Bxc5 24. Rxf4 Rae8 25. h4 Re2 26. Rc4 b6 27. Rf1 Ne5 28. Ra4 Nc6 29. f6 Kf7 30. b4 Bxb4 31. c3 Bd6 32. d4 Rfe8 33. d5 Re1 34. Kg1 Bc5+ 35. Kh2 Rxf1 36. dxc6 Kxf6 37. Rxa7 h6 38. Rh7 Kg6 39. Rd7 Rc8 40. c7 Rxc7 41. Rxc7 Bd6+ 42. g3 Bxc7 43. Kg2 Ra1 44. h5+ Kxh5 45. Kh3 Kg5 46. g4 Rxa2 47. c4 Rh2# 0-1

[Event "December 5 Early 2023"]
[Site "https://www.chess.com"]
[Date "2023.12.05"]
[Round "4"]
[White "Kovalyov, Eduard"]
[Black "Spata, German"]
[Result "0-1"]
[Board "136"]
[TimeControl "180+1"]
[WhiteFideId "14118033"]
[BlackFideId "113026"]
[WhiteElo "2425"]
[BlackElo "2641"]
[WhiteTeam "UKR"]
[BlackTeam "ARG"]
[WhiteClock "0:00:00"]
[BlackClock "0:00:08"]

1. d4 Nf6 2. c4 g6 3. Nc3 Bg7 4. e4 d6 5. Be2 O-O 6. Be3 e5 7. d5 a5 8. g4 Na6 9. h4 Nc5 10. f3 c6 11. Qd2 cxd5 12. cxd5 a4 13. h5 Qa5 14. O-O-O Bd7 15. Kb1 Nb3 16. Qd3 Rfc8 17. axb3 axb3 18. Kc1 Qa1+ 19. Qb1 Rxc3+ 20. Kd2 Qxb1 21. Rxb1 Rc2+ 22. Ke1 Ra2 23. Bc1 Ne8 24. Bd3 Rc8 25. Ne2 Nc7 26. h6 Bf6 27. Nc3 Raa8 28. g5 Bd8 29. Bc4 Na6 30. Bxb3 Nb4 31. Ke2 Bb6 32. Be3 Bxe3 33. Kxe3 Na6 34. Ba4 Rxc3+ 35. bxc3 Bxa4 36. Rxb7 Nc5 37. Rb6 Rd8 38. Rhb1 Kf8 39. Rb8 Rxb8 40. Rxb8+ Be8 41. f4 exf4+ 42. Kxf4 Ke7 43. Ra8 Nd3+ 44. Ke3 Ne5 45. Rb8 Nd7 46. Ra8 Ne5 47. Rb8 Nd7 48. Ra8 f6 49. Kf4 fxg5+ 50. Kxg5 Ne5 51. Ra7+ Bd7 52. Ra8 Nf7+ 53. Kf4 g5+ 54. Ke3 Nxh6 55. Rh8 Ng4+ 56. Kd4 Nf6 57. e5 dxe5+ 58. Kxe5 h5 59. d6+ Kf7 60. Ra8 g4 61. c4 g3 62. Ra1 h4 63. Rf1 g2 0-1

[Event "December 5 Early 2023"]
[Site "https://www.chess.com"]
[Date "2023.12.05"]
[Round "4"]
[White "Belov, Alexei"]
[Black "Parra Gomez, Adrian"]
[Result "1/2-1/2"]
[Board "137"]
[TimeControl "180+1"]
[WhiteFideId "4128206"]
[BlackFideId "3513106"]
[WhiteElo "2640"]
[BlackElo "2424"]
[WhiteTeam "RUS"]
[BlackTeam "CUB"]
[WhiteClock "0:00:15"]
[BlackClock "0:00:09"]

1. e4 c5 2. Nf3 d6 3. d4 cxd4 4. Nxd4 Nf6 5. Nc3 a6 6. Be2 e5 7. Nb3 Be7 8. O-O O-O 9. Kh1 Nc6 10. f4 b5 11. a4 b4 12. Nd5 Nxd5 13. exd5 Na5 14. Nxa5 Qxa5 15. fxe5 dxe5 16. d6 Bd8 17. Bf3 Ra7 18. Be3 Bb6 19. Bxb6 Qxb6 20. Qd5 Qd4 21. Qxd4 exd4 22. Rad1 Bf5 23. Rxd4 Bxc2 24. d7 Rd8 25. Bc6 Bb3 26. Rxb4 Be6 27. Rd1 Kf8 28. a5 Rc7 29. Rb6 Bxd7 30. Rxa6 Ke7 31. Bxd7 Rdxd7 32. Rxd7+ Kxd7 33. h3 Rb7 34. Rb6 Rxb6 35. axb6 Kc6 36. Kg1 Kxb6 37. Kf2 Kb5 38. Ke2 Kb4 39. Kd2 Kb3 40. Kc1 f5 41. h4 g6 42. g3 h6 43. Kb1 g5 44. hxg5 hxg5 45. Kc1 Kc4 46. Kd2 Kd4 47. Ke2 Ke4 48. b3 Kd4 49. Kd2 f4 50. gxf4 gxf4 51. Ke2 Kc3 52. Kf3 Kxb3 53. Kxf4 1/2-1/2

[Event "December 5 Early 2023"]
[Site "https://www.chess.com"]
[Date "2023.12.05"]
[Round "4"]
[White "Azar, Sebastien"]
[Black "Gontcharov, Vladislav"]
[Result "0-1"]
[Board "138"]
[TimeControl "180+1"]
[WhiteFideId "2640198"]
[BlackFideId "4123492"]
[WhiteElo "2422"]
[BlackElo "2635"]
[WhiteTeam "CAN"]
[BlackTeam "RUS"]
[WhiteClock "0:00:09"]
[BlackClock "0:00:20"]

1. e4 e6 2. d4 d5 3. e5 c5 4. c3 Nc6 5. Nf3 Nge7 6. Be2 Nf5 7. O-O cxd4 8. cxd4 Qb6 9. Be3 Qxb2 10. Nbd2 Nxe3 11. fxe3 Qc3 12. Kf2 Be7 13. Rc1 Qa5 14. Qb3 O-O 15. Bd3 f6 16. exf6 Rxf6 17. Ke2 h6 18. Ne5 Nxe5 19. dxe5 Rf8 20. Rxf8+ Bxf8 21. Rf1 b6 22. Qb5 Qxb5 23. Bxb5 Be7 24. Rc1 Bd8 25. Nb3 Bb7 26. Bc6 Ba6+ 27. Kd2 Rc8 28. Nd4 Kf7 29. a4 Ke7 30. Ra1 Bc7 31. Bb5 Bb7 32. Bc6 Ba8 33. Bxa8 Rxa8 34. Nc6+ Kd7 35. Rc1 a6 36. Kd3 b5 37. axb5 axb5 38. Nd4 Bxe5 39. Nxb5 Ra2 40. Rc2 Rxc2 41. Kxc2 Kc6 42. Nd4+ Bxd4 43. exd4 Kd6 44. Kd3 e5 45. dxe5+ Kxe5 46. Ke3 d4+ 47. Kd3 Kd5 48. g4 g5 49. h3 Ke5 0-1

[Event "December 5 Early 2023"]
[Site "https://www.chess.com"]
[Date "2023.12.05"]
[Round "4"]
[White "Skaric, Djuro"]
[Black "Kotlyar, Kirill"]
[Result "0-1"]
[Board "139"]
[TimeControl "180+1"]
[WhiteFideId "934569"]
[BlackFideId "24145599"]
[WhiteElo "2413"]
[BlackElo "2625"]
[WhiteTeam "SRB"]
[BlackTeam "RUS"]
[WhiteClock "0:00:39"]
[BlackClock "0:00:22"]

1. g3 Nf6 2. Bg2 g6 3. d3 Bg7 4. Nc3 d5 5. Nf3 O-O 6. O-O c5 7. h3 Nc6 8. e4 e5 9. Nd2 dxe4 10. dxe4 Nd4 11. f4 exf4 12. gxf4 Qe7 13. e5 Nh5 14. Nde4 Qh4 15. Ng5 h6 16. Nf3 Qg3 17. Ne4 Nxf3+ 18. Rxf3 Qh4 19. Nxc5 b6 20. Qd5 Rb8 21. Qd6 Bf5 22. Nd3 Be4 23. Rf2 Bxg2 24. Kxg2 Qg3+ 25. Kf1 Qxh3+ 26. Ke2 Rbd8 27. Qb4 Ng3+ 28. Kd2 Nf5 29. Kc3 Rc8+ 30. Kb3 Rfd8 31. a3 Nd4+ 32. Ka2 Nxc2 33. Qe4 Qxd3 34. Qxd3 Rxd3 35. Rd2 Rxd2 36. Bxd2 Nd4 37. Re1 Ne6 38. Rf1 Nd4 39. Bc3 Nf5 40. Rf3 h5 41. b4 Rc4 42. Kb3 Re4 43. Bd2 h4 44. Kc3 Re2 45. Kd3 Rg2 46. Be1 Ra2 47. Ke4 Kf8 48. Rh3 Re2+ 49. Kd5 Rxe1 50. Kc6 Rg1 51. Kb7 Rg3 52. Rh2 Rxa3 0-1

[Event "December 5 Early 2023"]
[Site "https://www.chess.com"]
[Date "2023.12.05"]
[Round "4"]
[White "Mushini Ajay"]
[Black "Agibileg, Uurtsaikh"]
[Result "0-1"]
[Board "140"]
[TimeControl "180+1"]
[WhiteFideId "35066188"]
[BlackFideId "4901606"]
[WhiteElo "2411"]
[BlackElo "2620"]
[WhiteTeam "IND"]
[BlackTeam "MGL"]
[WhiteClock "0:00:16"]
[BlackClock "0:00:37"]

1. e4 e5 2. Nf3 Nc6 3. Bb5 a6 4. Ba4 Nf6 5. d3 d6 6. Bxc6+ bxc6 7. O-O g6 8. Nc3 Bg7 9. d4 exd4 10. Nxd4 Bb7 11. Re1 O-O 12. Bg5 h6 13. Bh4 c5 14. Nb3 Re8 15. Na5 Qb8 16. Qd3 g5 17. Bg3 Nh5 18. Rab1 Bc8 19. Nd5 Bd7 20. Nc4 Be6 21. Nce3 c6 22. Nc3 Nxg3 23. hxg3 Ra7 24. Ne2 Rd7 25. c4 Rde7 26. f4 Bc8 27. Nf5 Bxf5 28. exf5 Re3 29. Qd2 Qb4 30. Qxb4 cxb4 31. Kf2 g4 32. b3 d5 33. cxd5 cxd5 34. Rbd1 Bc3 35. Nxc3 Rxe1 36. Rxe1 Rxe1 37. Kxe1 bxc3 38. Kd1 Kf8 39. Kc2 d4 40. Kd3 Ke7 41. b4 Kd6 42. a4 Kc6 43. Kc2 Kd5 44. Kd3 f6 45. Kc2 Kc4 46. Kd1 Kxb4 47. Kc2 Kxa4 48. Kd3 Kb3 49. Kxd4 c2 50. Kd5 c1=Q 51. Ke6 a5 52. Kxf6 a4 53. Kg6 a3 54. f6 a2 55. Kg7 a1=Q 56. f5 Qg5+ 57. Kf7 Qaxf6+ 58. Ke8 Qe7# 0-1

[Event "December 5 Early 2023"]
[Site "https://www.chess.com"]
[Date "2023.12.05"]
[Round "4"]
[White "Toman, Ondrej"]
[Black "Matthes, Aaron"]
[Result "1-0"]
[Board "141"]
[TimeControl "180+1"]
[WhiteFideId "344516"]
[BlackFideId "16227310"]
[WhiteElo "2592"]
[BlackElo "2410"]
[WhiteTeam "CZE"]
[BlackTeam "GER"]
[WhiteClock "0:00:05"]
[BlackClock "0:00:12"]

1. d4 Nf6 2. Bg5 e6 3. Nd2 Be7 4. e3 b6 5. f4 Bb7 6. Ngf3 d6 7. Bd3 Nbd7 8. O-O O-O 9. Qe1 h6 10. Qh4 Nd5 11. Bxe7 Qxe7 12. Qxe7 Nxe7 13. e4 c5 14. c3 Rac8 15. Rad1 cxd4 16. Nxd4 Nc5 17. Bb1 Na4 18. Rc1 Nxb2 19. Nb5 Ba6 20. Nxd6 Bxf1 21. Nxc8 Rxc8 22. Kxf1 Nc4 23. Ke2 Nxd2 24. Kxd2 Kf8 25. Bd3 Nc6 26. e5 Ke7 27. Be4 Na5 28. Bd3 Rc5 29. c4 Nc6 30. Rb1 Ra5 31. Rb2 Nd8 32. Be4 Kd7 33. Kc3 Kc7 34. Kb3 Nc6 35. Bxc6 Kxc6 36. Rd2 Kc7 37. Kb4 Rc5 38. g4 g5 39. Rf2 a5+ 40. Kb3 gxf4 41. Rxf4 Rxe5 42. Rxf7+ Kc6 43. Rf6 Re3+ 44. Kc2 Re2+ 45. Kc3 Rxh2 46. Rxe6+ Kc5 47. Re5+ Kc6 48. a4 Kb7 49. Re6 Ka7 50. Rg6 Rh3+ 51. Kd4 Kb7 52. Rg7+ Kc6 53. Rg6+ Kc7 54. Ke4 Rc3 55. Kd5 Rd3+ 56. Ke4 Rh3 57. Kd4 Rh1 58. Rg7+ Kc6 59. Rg6+ Kc7 60. Ke5 Rc1 61. Rxh6 Rxc4 62. g5 Rxa4 63. g6 Rg4 64. Kf6 Kc6 65. g7 Rxg7 66. Kxg7+ Kc5 67. Kf6 a4 68. Ke5 a3 69. Rh4 b5 70. Rh1 b4 71. Rc1+ Kb5 72. Kd4 b3 73. Kc3 Ka4 74. Re1 a2 75. Kb2 Kb4 76. Re4+ Kc5 77. Rh4 Kb5 78. Rg4 Kc5 79. Rg5+ Kc4 80. Rg3 Kb4 81. Rxb3+ Ka4 82. Ra3+ 1-0

[Event "December 5 Early 2023"]
[Site "https://www.chess.com"]
[Date "2023.12.05"]
[Round "4"]
[White "Balla, Tamas-Kristof"]
[Black "Ginzburg, Yakov"]
[Result "1-0"]
[Board "142"]
[TimeControl "180+1"]
[WhiteFideId "1208497"]
[BlackFideId "4157176"]
[WhiteElo "2410"]
[BlackElo "2591"]
[WhiteTeam "ROU"]
[BlackTeam "RUS"]
[WhiteClock "0:00:19"]
[BlackClock "0:00:15"]

1. e4 c5 2. c3 e5 3. Nf3 Nc6 4. Bc4 Qc7 5. O-O Nf6 6. Na3 a6 7. d4 cxd4 8. cxd4 Bxa3 9. bxa3 Nxd4 10. Nxd4 Qxc4 11. Nf5 O-O 12. Bb2 d5 13. Bxe5 Bxf5 14. exf5 Ne4 15. f6 Nxf6 16. Bxf6 gxf6 17. Rc1 Qxa2 18. Rc3 Rae8 19. Qh5 Qd2 20. Rh3 h6 21. Rg3+ Kh8 22. f4 Qd4+ 23. Kh1 Kh7 24. Qf5+ Kh8 25. Rd3 Qf2 26. Qxf6+ Kh7 27. Rf3 Qc2 28. Rg3 Rg8 29. Qxf7+ Kh8 30. Rh3 Qg6 31. Qxg6 Rxg6 32. Rd3 Rd6 33. Rfd1 d4 34. g3 Re4 35. Kg2 b5 36. Kf3 Rde6 37. Rxd4 Re3+ 38. Kg4 Rxa3 39. Rd8+ Kg7 40. R1d7+ Kf6 41. Rf8+ Kg6 42. f5# 1-0

[Event "December 5 Early 2023"]
[Site "https://www.chess.com"]
[Date "2023.12.05"]
[Round "4"]
[White "Federzoni, Enzo"]
[Black "Yezhel, Valiantsin"]
[Result "1-0"]
[Board "143"]
[TimeControl "180+1"]
[WhiteFideId "2173301"]
[BlackFideId "13504983"]
[WhiteElo "2408"]
[BlackElo "2585"]
[WhiteTeam "BRA"]
[BlackTeam "FID"]
[WhiteClock "0:00:27"]
[BlackClock "0:00:05"]

1. d4 Nf6 2. Nc3 d5 3. Bf4 a6 4. e3 e6 5. Nf3 c5 6. dxc5 Bxc5 7. Nd4 Nc6 8. Be2 h6 9. O-O O-O 10. Bf3 Bd7 11. Re1 Rc8 12. Nxc6 Bxc6 13. Be5 Nd7 14. Bd4 Bd6 15. e4 dxe4 16. Nxe4 Bb8 17. Bc3 Ne5 18. Bxe5 Bxe5 19. c3 Qb6 20. Qb3 Qxb3 21. axb3 Rfd8 22. Rad1 Bd5 23. b4 b6 24. Nd2 Bf4 25. Bxd5 Rxd5 26. Nf3 Rcd8 27. Rxd5 Rxd5 28. g3 Bc7 29. Ra1 a5 30. bxa5 bxa5 31. b4 axb4 32. cxb4 Rb5 33. Ra8+ Kh7 34. Ra7 Bb6 35. Rxf7 Rxb4 36. Ne5 Re4 37. Nd7 Bd4 38. h4 Kg6 39. Rf3 h5 40. Kg2 e5 41. Nf8+ Kh6 42. Ne6 Bb6 43. Rf7 Rg4 44. Ng5 e4 45. Rb7 Bd8 46. Nf7+ Kg6 47. Nxd8 Kf5 48. Rf7+ Ke5 49. Re7+ Kd6 50. Ra7 g5 51. Nf7+ Ke6 52. Nxg5+ Kf5 53. Ra5+ Kf6 54. Ra6+ Kf5 55. Ra4 e3 56. Ra5+ Kf6 57. fxe3 Rb4 58. Kf3 Rb1 59. Ra6+ Kf5 60. Ra5+ Kf6 61. Kf4 Rf1+ 62. Nf3 Rf2 63. Rxh5 Kg6 64. Rg5+ Kf6 65. e4 Kf7 66. e5 Ke6 67. Rg6+ Kf7 68. h5 Kf8 69. Ke4 Kf7 70. Ng5+ Ke7 71. Rf6 Rh2 72. h6 Rh5 73. Kf5 Ke8 74. Kg6 Rh2 75. h7 Ke7 76. Rf7+ Ke8 77. Rg7 Kf8 78. Rg8+ Ke7 79. h8=Q Rxh8 80. Rxh8 Kd7 81. e6+ Ke7 82. Rh7+ Kd6 83. Rd7+ 1-0

[Event "December 5 Early 2023"]
[Site "https://www.chess.com"]
[Date "2023.12.05"]
[Round "4"]
[White "Bodnaruk, Anastasia"]
[Black "Bochnicka, Vladimir"]
[Result "0-1"]
[Board "144"]
[TimeControl "180+1"]
[WhiteFideId "4181751"]
[BlackFideId "14943450"]
[WhiteElo "2577"]
[BlackElo "2405"]
[WhiteTeam "RUS"]
[BlackTeam "SVK"]
[WhiteClock "0:00:00"]
[BlackClock "0:01:15"]

1. e4 e5 2. Nf3 Nc6 3. Bc4 Nf6 4. d3 h6 5. c3 d6 6. Bb3 g5 7. Nfd2 Bg7 8. Nf1 O-O 9. Ng3 Ne7 10. Nd2 c6 11. Ndf1 d5 12. Qe2 Ng6 13. Nf5 Bxf5 14. exf5 Nf4 15. Bxf4 exf4 16. O-O-O Qd7 17. g4 a5 18. h4 a4 19. Bc2 a3 20. b3 Nh7 21. d4 Nf6 22. hxg5 hxg5 23. Qf3 b5 0-1

[Event "December 5 Early 2023"]
[Site "https://www.chess.com"]
[Date "2023.12.05"]
[Round "4"]
[White "Aaditya Dhingra"]
[Black "Herman, Daniel"]
[Result "1-0"]
[Board "145"]
[TimeControl "180+1"]
[WhiteFideId "25678191"]
[BlackFideId "30935008"]
[WhiteElo "2576"]
[BlackElo "2404"]
[WhiteTeam "IND"]
[BlackTeam "USA"]
[WhiteClock "0:00:11"]
[BlackClock "0:00:00"]

1. e4 Nf6 2. e5 Nd5 3. d4 d6 4. Nf3 dxe5 5. dxe5 Bf5 6. c4 Nb4 7. Qxd8+ Kxd8 8. Na3 e6 9. Nh4 Bg6 10. Nxg6 hxg6 11. Bd2 N8c6 12. Bc3 Bc5 13. f4 Be3 14. g3 g5 15. fxg5 Bxg5 16. Ke2 Ke7 17. Bg2 Rad8 18. h4 Bh6 19. Rhd1 Rxd1 20. Kxd1 Rd8+ 21. Ke2 Nd3 22. Bxc6 bxc6 23. Rd1 Nc1+ 24. Ke1 Rxd1+ 25. Kxd1 Nxa2 26. Ba5 Kd7 27. Nc2 Nc1 28. Ne1 Nb3 29. Bc3 c5 30. Nf3 a5 31. Kc2 a4 32. Kd3 Kc6 33. Ke4 Bc1 34. g4 Kd7 35. h5 Ke8 36. g5 Kf8 37. g6 Bh6 38. Kd3 Ke7 39. Kc2 Na1+ 40. Kb1 Nb3 41. Ka2 Nc1+ 42. Ka3 Nd3 43. Kxa4 fxg6 44. hxg6 Nf4 45. Nh4 Bg5 46. Bd2 Bxh4 47. Bxf4 Be1 48. Kb5 Bb4 49. Kc6 Kf8 50. Kxc7 Bd2 51. Bxd2 1-0

[Event "December 5 Early 2023"]
[Site "https://www.chess.com"]
[Date "2023.12.05"]
[Round "4"]
[White "Morgunov, Marc"]
[Black "Zaksaite, Salomeja"]
[Result "1-0"]
[Board "146"]
[TimeControl "180+1"]
[WhiteFideId "1640305"]
[BlackFideId "12801496"]
[WhiteElo "2575"]
[BlackElo "2403"]
[WhiteTeam "AUT"]
[BlackTeam "LTU"]
[WhiteClock "0:01:44"]
[BlackClock "0:00:00"]

1. e4 e6 2. d4 d5 3. Nc3 Nf6 4. exd5 exd5 5. Bg5 Bb4 6. Ne2 O-O 7. Qd3 h6 8. Bh4 b6 9. O-O-O a5 10. f3 Be6 11. g4 g5 12. Bg3 c5 13. h4 c4 14. Qd2 Nh7 15. hxg5 hxg5 16. Kb1 Nc6 17. Bg2 b5 18. f4 Bxc3 19. Nxc3 1-0

[Event "December 5 Early 2023"]
[Site "https://www.chess.com"]
[Date "2023.12.05"]
[Round "4"]
[White "Barath1308"]
[Black "Sharapov, Evgeny"]
[Result "0-1"]
[Board "147"]
[TimeControl "180+1"]
[BlackFideId "14103133"]
[WhiteElo "2391"]
[BlackElo "2545"]
[BlackTeam "UKR"]
[WhiteClock "0:00:00"]
[BlackClock "0:00:40"]

1. d4 d5 2. Nf3 Nf6 3. c4 c6 4. e3 Bg4 5. Qb3 Qb6 6. Ne5 Be6 7. c5 Qc7 8. Nc3 g6 9. f4 Bg7 10. Be2 O-O 11. O-O Nbd7 12. Qc2 Bf5 13. Bd3 Bxd3 14. Nxd3 b6 15. cxb6 axb6 16. Bd2 c5 17. Nb5 Qc6 18. a4 Ne4 19. Be1 Rfc8 20. Rc1 Qb7 21. Qd1 cxd4 22. Rxc8+ Rxc8 23. exd4 f5 24. Qb3 e6 25. Bb4 Qc6 26. Bc3 Qc4 27. Qxc4 Rxc4 28. Ra1 h6 29. Ne5 Nxe5 30. fxe5 Bf8 31. Kf1 Nxc3 32. bxc3 g5 33. Ke2 Kf7 34. Kd3 f4 35. a5 bxa5 36. Rxa5 Rc6 37. Ra7+ Kg6 38. Rc7 Rxc7 39. Nxc7 Kf5 40. Ne8 g4 41. Nf6 Be7 42. Ng8 Bg5 43. c4 dxc4+ 44. Kxc4 f3 45. gxf3 gxf3 46. Kd3 h5 47. Nf6 h4 0-1

[Event "December 5 Early 2023"]
[Site "https://www.chess.com"]
[Date "2023.12.05"]
[Round "4"]
[White "Hoffmann, Asa"]
[Black "Rogov, Matfey"]
[Result "1-0"]
[Board "148"]
[TimeControl "180+1"]
[WhiteFideId "2001470"]
[BlackFideId "44191308"]
[WhiteElo "2385"]
[BlackElo "2545"]
[WhiteTeam "USA"]
[BlackTeam "RUS"]
[WhiteClock "0:02:18"]
[BlackClock "0:00:00"]

1. d4 Nf6 2. Bg5 Ne4 3. Bf4 d5 4. f3 Nf6 5. e4 dxe4 6. Nc3 Bf5 7. fxe4 Nxe4 8. Qf3 Nxc3 9. bxc3 Qc8 10. Bd3 Bxd3 11. cxd3 e6 12. Ne2 Bd6 13. O-O Bxf4 14. Nxf4 O-O 15. Qg3 Nd7 16. Rf3 g6 17. Raf1 c5 18. d5 e5 19. Nh5 Kh8 20. Rxf7 Rxf7 21. Rxf7 Qe8 22. Rxd7 e4 23. Nf6 1-0

[Event "December 5 Early 2023"]
[Site "https://www.chess.com"]
[Date "2023.12.05"]
[Round "4"]
[White "Ovezdurdyyeva, Jemal"]
[Black "Bilan, Danila"]
[Result "0-1"]
[Board "149"]
[TimeControl "180+1"]
[WhiteFideId "14001888"]
[BlackFideId "24161918"]
[WhiteElo "2378"]
[BlackElo "2541"]
[WhiteTeam "TKM"]
[BlackTeam "RUS"]
[WhiteClock "0:00:00"]
[BlackClock "0:00:06"]

1. e4 c5 2. Nf3 e6 3. c3 Nf6 4. e5 Nd5 5. d4 cxd4 6. cxd4 b6 7. Nc3 Bb7 8. Bd3 d6 9. O-O Nd7 10. Nb5 dxe5 11. dxe5 a6 12. Bg5 Qb8 13. Nbd4 Nxe5 14. Be4 Nxf3+ 15. Qxf3 h6 16. Bd2 Bd6 17. Qg4 Nf6 18. Qxg7 Rg8 19. Qxf6 Bxe4 20. f3 Be5 21. Qh4 Bxd4+ 22. Kh1 Bxb2 23. fxe4 Bxa1 24. Rxa1 Qe5 25. Rf1 Rd8 26. Bxh6 Rd4 27. Qf2 f6 28. Qc2 Qxe4 0-1

[Event "December 5 Early 2023"]
[Site "https://www.chess.com"]
[Date "2023.12.05"]
[Round "4"]
[White "Matveeva, Olga"]
[Black "Tao, Sihan"]
[Result "1-0"]
[Board "150"]
[TimeControl "180+1"]
[WhiteFideId "24107018"]
[BlackFideId "30982677"]
[WhiteElo "2378"]
[BlackElo "2539"]
[WhiteTeam "RUS"]
[BlackTeam "USA"]
[WhiteClock "0:01:03"]
[BlackClock "0:00:06"]

1. d4 Nf6 2. c4 e6 3. g3 d5 4. Nf3 Be7 5. Bg2 O-O 6. O-O dxc4 7. Qc2 a6 8. a4 Bd7 9. Qxc4 Bc6 10. Bf4 Bd6 11. Qc1 a5 12. Nc3 Na6 13. Rd1 Nb4 14. Nb5 Bxf4 15. Qxf4 Bxf3 16. Qxf3 c6 17. Nc3 Qe7 18. e4 Rfd8 19. Rd2 Rd7 20. Rad1 Rad8 21. h4 e5 22. d5 cxd5 23. exd5 e4 24. Nxe4 Nfxd5 25. Bh3 Rc7 26. Nc3 Rc5 27. Nxd5 Nxd5 28. Rxd5 Rdxd5 29. Rxd5 Rc1+ 30. Kg2 g6 31. Rd1 Rc2 32. Qd3 Rxb2 33. Qd8+ Qxd8 34. Rxd8+ Kg7 35. Rb8 Rb4 36. Bd7 1-0